 Dungeon Crawl Stone Soup version 0.19.5 (webtiles) character file.

128 Gargoyl the Skirmisher (level 5, -4/46 HPs)
             Began as a Ghoul Abyssal Knight on Apr 27, 2017.
             Was a Believer of Lugonu.
             Slain by Sigmund
             ... wielding a +0 scythe
              (6 damage)
             ... on level 3 of the Dungeon.
             The game lasted 00:04:53 (2498 turns).

Gargoyl the Skirmisher (Ghoul Abyssal Knight)       Turns: 2498, Time: 00:04:55

Health: -4/46      AC:  7    Str: 18 (21) XL:     5   Next: 11%
Magic:  6/6        EV:  9    Int:  5 (7)  God:    Lugonu [**....]
Gold:   220        SH:  0    Dex:  6 (9)  Spells: 0 memorised, 4 levels left

rFire  + . .     SeeInvis .     m - +2 whip (venom)
rCold  + + .     Gourm    .     n - +0 scale mail
rNeg   + + +     Faith    .     (no shield)
rPois  ∞         Spirit   .     (no helmet)
rElec  +         Reflect  .     d - +0 cloak
rCorr  +         Harm     .     (no gloves)
MR     .....                    (no boots)
Stlth  ..........               p - amulet of magic regeneration
                                (no ring)
                                q - ring of stealth

@: confused, mighty, resistant, rotting
A: rotting body, claws 1, carnivore 3, cold resistance 1, negative energy
resistance 3, slow regeneration 1, torment resistance, unbreathing
a: Depart the Abyss, Bend Space, Renounce Religion


You were on level 3 of the Dungeon.
You worshipped Lugonu.
Lugonu was pleased with you.
You were not hungry.

You visited 1 branch of the dungeon, and saw 3 of its levels.
You visited the Abyss 1 time.

You collected 220 gold pieces.

Inventory:

Hand Weapons
 a - a +1 hand axe
 j - a +0 war axe
 m - a +2 whip of venom (weapon)
Missiles
 o - 5 tomahawks (quivered)
Armour
 d - a +0 cloak (worn)
 e - a +0 ring mail
 n - a +0 scale mail (worn)
Jewellery
 p - an amulet of magic regeneration (around neck)
 q - a ring of stealth (left claw)
Wands
 h - a wand of paralysis (14/24)
Scrolls
 g - 5 scrolls of remove curse
 l - a scroll of identify
Potions
 b - 2 potions of mutation
 i - a potion of might
Comestibles
 c - a meat ration
 r - a beef jerky


   Skills:
 + Level 3.8 Fighting
 + Level 2.3(2.5) Axes
 + Level 1.2(2.0) Maces & Flails
 * Level 2.8 Armour
 + Level 1.3 Dodging
 * Level 3.0 Invocations


You had 4 spell levels left.
You didn't know any spells.

Dungeon Overview and Level Annotations

Branches:
Dungeon (3/15)

Altars:
Dithmenos
Makhleb
Sif Muna
Xom
Zin
The Shining One

Annotations:
D:3 Sigmund, Terence


Innate Abilities, Weirdness & Mutations

Your body is rotting away.
You thrive on raw meat.
You are immune to poison.
You have sharp fingernails.
You are carnivorous and can eat meat at any time.
Your flesh is cold resistant. (rC+)
You are immune to negative energy. (rN+++)
You regenerate slowly when monsters are visible.
You are immune to unholy pain and torment.
You can survive without breathing.


Message History

You barely miss something. The adder bites you but does no damage.
Something hits you but does no damage.
Unknown command.
It was a potion of might.
You feel very mighty all of a sudden. The adder bites you.
* * * LOW HITPOINT WARNING * * *
The adder barely misses you.
Unknown command.
It was a potion of resistance.
You feel protected.
The orc wizard looks braver for a moment.
Something hits you but does no damage. The adder closely misses you.
It was a potion of degeneration.
There was something very wrong with that liquid.
You feel weakened.
You feel dopey.
You feel clumsy. The adder closely misses you.
The orc wizard gestures at you while chanting.
The puff of flame hits something.
Something hits you.
You die...

#...# #.##.#........##
#..)#####.##.#.........#
........#.##....%......#
.......................#
........#.#.#..........#
#..)#####..............#
#...# #.......)....#
#...# #..##..#S#####
#...# ##.@#...#@#
##.#####.......#{#
.......#§#§#.###o###
.#.####§§§#§.o)o@..#
.#.###§#§#§#.@####.#
......§§_§§§.....#.#
.....#§#%#.##.##....
.#..###§§.###.# #.##
#......#.####.# #


You could see Terence, an orc wizard, an adder and an orc.

Vanquished Creatures
  A hound (D:3)
  An adder (D:3)
  3 oozes
  4 worms
  2 dart slugs
  4 leopard geckos
  5 orcs (D:3)
  6 goblins
  7 hobgoblins
  4 jackals
  A ball python (D:1)
  3 bats
  A frilled lizard (D:2)
  7 kobolds
  3 rats
52 creatures vanquished.

Vanquished Creatures (others)
  4 starspawn tentacles (Abyss:1)
4 creatures vanquished.

Grand Total: 56 creatures vanquished

Notes
Turn   | Place    | Note
-------+----------+-------------------------------------------
     0 | Abyss:1  | Gargoyl the Ghoul Abyssal Knight began the quest for the Orb.
     0 | Abyss:1  | Reached XP level 1. HP: 19/19 MP: 1/1
    33 | Abyss:1  | Noticed a tentacled starspawn
    92 | Abyss:2  | Noticed a hell hog
    97 | D:1      | Escaped the Abyss
   153 | D:1      | Reached skill level 1 in Dodging
   399 | D:1      | Reached XP level 2. HP: 25/25 MP: 2/2
   702 | D:1      | Reached * piety under Lugonu
   898 | D:1      | Reached XP level 3. HP: 27/28 MP: 3/3
  1791 | D:2      | Reached XP level 4. HP: 30/40 MP: 3/5
  2081 | D:3      | Found a glowing silver altar of Zin.
  2087 | D:3      | Reached ** piety under Lugonu
  2099 | D:3      | Found a shimmering altar of Xom.
  2099 | D:3      | Found a glowing golden altar of the Shining One.
  2102 | D:3      | Found a deep blue altar of Sif Muna.
  2268 | D:3      | Found a shadowy altar of Dithmenos.
  2287 | D:3      | Found a burning altar of Makhleb.
  2294 | D:3      | Reached skill level 1 in Maces & Flails
  2443 | D:3      | Reached XP level 5. HP: 45/45 MP: 6/6
  2461 | D:3      | Noticed Sigmund
  2462 | D:3      | Noticed Terence
  2496 | D:3      | HP: 2/46 [adder (1)]
  2498 | D:3      | Slain by Sigmund

Skill      XL: |  1  2  3  4 |
---------------+-------------+-----
Dodging        | 1 |  1.3
Axes           | 2 |  2.3
Armour         | 2 |  2.8
Maces & Flails | 1 |  1.2
Invocations    | 3 |  3.0
Fighting       | |  3.8

Action                   |  1- 3 |  4- 6 || total
-------------------------+-------+-------++-------
Melee: Hand axe          |    54 |       ||    54
       Whip              |    55 |    64 ||   119
       War axe           |    10 |       ||    10
Invok: Depart the Abyss  |     1 |       ||     1
  Use: Scroll            |     4 |     1 ||     5
       Potion            |       |     3 ||     3
  Eat: Chunk             |    17 |    16 ||    33
Armor: Leather armour    |     4 |       ||     4
       Ring mail         |    51 |     4 ||    55
       Scale mail        |       |    27 ||    27
Dodge: Dodged            |    68 |    36 ||   104
